 Dungeon Crawl Stone Soup version 0.19.0-18-g426998a (webtiles) character file.

78 Akmetra the Covered (level 4, -2/35 HPs)
             Began as a Human Fighter on Nov 12, 2016.
             Slain by Terence
             ... wielding a +0 hand axe
              (3 damage)
             ... on level 3 of the Dungeon.
             The game lasted 00:12:43 (1437 turns).

Akmetra the Covered (Human Fighter)                 Turns: 1437, Time: 00:12:43

Health: -2/35      AC:  6    Str: 17    XL:     4   Next: 61%
Magic:  4/4        EV: 10    Int:  9    God:
Gold:   119        SH:  9    Dex: 12    Spells: 0 memorised, 3 levels left

rFire  + . .     SeeInvis .     a - +1 war axe
rCold  . . .     Gourm    .     k - +3 leather armour {rF+}
rNeg   + . .     Faith    .     c - +0 shield
rPois  .         Spirit   .     (no helmet)
rElec  .         Reflect  .     (no cloak)
rCorr  .         Harm     .     (no gloves)
MR     .....                    (no boots)
Stlth  +.........               (no amulet)
                                m - ring of positive energy (curse)
                                h - ring of flight

@: very slightly contaminated, invisible
A: no striking features
a: Evoke Flight


You were on level 3 of the Dungeon.
You were not hungry.

You visited 1 branch of the dungeon, and saw 3 of its levels.

You collected 119 gold pieces.

Inventory:

Hand Weapons
 a - a +1 war axe (weapon)
 e - a +0 dagger of electrocution
 l - a +0 dagger
Missiles
 j - 5 exploding tomahawks
 p - 3 tomahawks (quivered)
Armour
 b - a +0 scale mail
 c - a +0 shield (worn)
 k - a +3 leather armour of fire resistance (worn)
 n - a +0 chain mail of magic resistance
Jewellery
 h - a ring of flight (left hand)
 m - a cursed ring of positive energy (right hand)
 q - a +3 amulet of reflection {unknown}
Wands
 r - a wand of random effects (48/48)
Scrolls
 s - a scroll of remove curse
 w - a scroll of enchant weapon
Potions
 d - a potion of might
 i - a potion of flight {unknown}
 x - a potion of resistance
Comestibles
 f - 2 bread rations
 g - 3 chunks of flesh
 o - a beef jerky
 v - 2 meat rations


   Skills:
 + Level 3.4 Fighting
 - Level 2.0 Axes
 + Level 4.0 Armour
 * Level 2.2 Dodging
 - Level 3.0 Shields


You had 3 spell levels left.
You didn't know any spells.

Dungeon Overview and Level Annotations

Branches:
Dungeon (3/15)

Altars:
Cheibriados
Xom

Annotations:
D:3 Terence


Message History

Something hits you.
You barely miss something. Something hits you but does no damage.
Something completely misses you.
You closely miss something. Something hits you.
You completely miss something. Something hits you but does no damage.
You barely miss something. Something hits you.
* * * LOW HITPOINT WARNING * * *
Something hits you.
* * * LOW HITPOINT WARNING * * *
Okay, then.
You fade into invisibility!
Something hits you.
* * * LOW HITPOINT WARNING * * *
You are very lightly contaminated with residual magic.
Press: ? - help, v - describe, . - travel The floor.
Something hits you.
* * * LOW HITPOINT WARNING * * *
You closely miss something. Something hits you.
You die...

##### #...# #.#.#
#.#.# #.#.# #.#.#
#{#%#. #@#.#.#
... #.#.#.# ....
#.#.#.# ....
#.#.#.########...
#.#.#.........#
#.#.#.........#
#.#.#...รท.....#
#...#.#####...#
########.#.#
#...#


There were no monsters in sight!

Vanquished Creatures
  2 adders (D:2)
  A worm (D:3)
  3 leopard geckos
  7 bats
  4 giant cockroaches
  3 goblins
  6 hobgoblins
  12 jackals
  2 frilled lizards
  A kobold (D:2)
  6 rats
47 creatures vanquished.

Notes
Turn   | Place    | Note
-------+----------+-------------------------------------------
     0 | D:1      | Akmetra the Human Fighter began the quest for the Orb.
     0 | D:1      | Reached XP level 1. HP: 18/18 MP: 1/1
    40 | D:1      | Reached XP level 2. HP: 10/24 MP: 2/2
    40 | D:1      | Reached skill level 1 in Dodging
   220 | D:1      | Reached XP level 3. HP: 24/29 MP: 3/3
   653 | D:2      | Found a shimmering altar of Xom.
   799 | D:2      | Reached XP level 4. HP: 27/35 MP: 4/4
   846 | D:2      | Found a snail-covered altar of Cheibriados.
  1020 | D:2      | Reached skill level 4 in Armour
  1412 | D:3      | Noticed Terence
  1436 | D:3      | HP: 1/35 [something (3)]
  1437 | D:3      | Slain by Terence

Skill      XL: |  1  2  3  4 |
---------------+-------------+-----
Dodging        | 1 2 |  2.2
Armour         | 4 |  4.0
Fighting       | |  3.4
Axes           | |  2.0
Shields        | |  3.0

Action                   |  1- 3 |  4- 6 || total
-------------------------+-------+-------++-------
Melee: War axe           |    85 |    82 ||   167
Throw: Tomahawk          |       |    10 ||    10
  Use: Scroll            |     6 |     4 ||    10
       Potion            |     1 |     2 ||     3
  Eat: Chunk             |       |     2 ||     2
Armor: Scale mail        |    54 |       ||    54
       Leather armour    |    14 |    21 ||    35
Dodge: Dodged            |    35 |    19 ||    54
Block: Shield            |    62 |    27 ||    89
